 Dungeon Crawl Stone Soup version 0.19.3-1-g3169bf9 (webtiles) character file.

34405 Naow the Bludgeoner (level 13, -10/148 HPs)
             Began as an Ogre Berserker on Jan 23, 2017.
             Was a High Priest of Trog.
             Mangled by a harpy (15 damage)
             ... summoned by Kirke
             ... on level 5 of the Lair of Beasts.
             The game lasted 00:28:15 (18370 turns).

Naow the Bludgeoner (Ogre Berserker)               Turns: 18370, Time: 00:28:16

Health: -10/148    AC:  0    Str: 29    XL:     13   Next: 77%
Magic:  13/13      EV: 19    Int:  6    God:    Trog [*****.]
Gold:   1102       SH:  0    Dex:  9    Spells: 0 memorised, 12 levels left

rFire  . . .     SeeInvis .     (weapon currently unavailable)
rCold  . . .     Gourm    +     (armour currently unavailable)
rNeg   . . .     Faith    .     (shield currently unavailable)
rPois  .         Spirit   .     (helmet currently unavailable)
rElec  .         Reflect  .     (cloak currently unavailable)
rCorr  .         Harm     .     (gloves unavailable)
MR     +....                    (boots unavailable)
Stlth  +.........               k - amulet of the gourmand
                                (ring currently unavailable)
                                (ring currently unavailable)

@: exhausted, pig-form, slowed
A: unfitting armour, (tough skin 0)
a: Berserk, Trog's Hand, Brothers in Arms, Burn Spellbooks, Renounce Religion


You were on level 5 of the Lair of Beasts.
You worshipped Trog.
Trog was extremely pleased with you.
You were very full.
You were a filthy swine.
You visited 3 branches of the dungeon, and saw 17 of its levels.

You collected 1102 gold pieces.

Inventory:

Hand Weapons
 J - a +3 demon whip of draining
 K - a +1 giant spiked club
 S - the +7 flail of Feorif (melded) {crush, Dex+5}
   (You found it on level 1 of the Lair of Beasts)

   It inflicts extra damage upon your enemies.
   It affects your dexterity (+5).
Armour
 y - the +0 shield of the Bull (melded) {+Blink rF+++ rC- Stlth+}
   (You found it on level 2 of the Lair of Beasts)

   It renders you almost immune to fire.
   It makes you vulnerable to cold.
   It lets you blink.
   It makes you more stealthy.
 F - a +2 hat (melded)
 H - a +1 cloak (melded)
 X - +0 steam dragon scales (melded)
Jewellery
 i - a ring of see invisible (melded)
 j - a +3 ring of evasion
 k - an amulet of the gourmand (around neck)
 w - an uncursed ring of protection from fire
 E - an uncursed ring of stealth {unknown}
 I - the ring "Nenem" (melded) {EV+6 Int+7 Dex+5}
   (You found it on level 5 of the Dungeon)

   [ring of evasion]

   It affects your evasion (+6).
   It affects your intelligence (+7).
   It affects your dexterity (+5).
 U - an uncursed amulet of harm {unknown}
 Z - an uncursed ring of flight
Wands
 W - a wand of digging (19/24)
Scrolls
 b - a scroll of fog
 g - 4 scrolls of enchant weapon
 l - 5 scrolls of magic mapping
 m - 3 scrolls of fear
 p - 7 scrolls of remove curse
 t - 2 scrolls of teleportation
 u - a scroll of identify
 P - 3 scrolls of recharging
Potions
 a - a potion of agility
 e - 7 potions of heal wounds
 h - 2 potions of cancellation
 n - 6 potions of might
 o - a potion of resistance
 s - 4 potions of brilliance
 v - 8 potions of curing
 A - a potion of lignification
 B - 2 potions of magic {unknown}
 C - 2 potions of invisibility
 D - a potion of cure mutation {unknown}
 M - a potion of flight {unknown}
 N - 2 potions of ambrosia
 R - a potion of beneficial mutation {unknown}
 V - a potion of haste {unknown}
Books
 T - a book of Battle

   Spells                             Type                      Level
   a - Infusion                       Charms                       1
   b - Shroud of Golubria             Charms/Translocation         2
   c - Song of Slaying                Charms                       2
   d - Spectral Weapon                Hexes/Charms                 3
   e - Regeneration                   Charms/Necromancy            3
   Trog disapproves of the use of such an item.
Comestibles
 c - 14 bread rations
 d - 9 meat rations
 f - 8 slices of pizza
 r - 7 beef jerkies
 G - 8 fruits
 Y - 11 royal jellies


   Skills:
 + Level 14.8 Fighting
 * Level 20.0 Maces & Flails
 - Level 10.6 Dodging
 + Level 2.2 Shields


You had 12 spell levels left.
You didn't know any spells.

Dungeon Overview and Level Annotations

Branches:
Dungeon (11/15)            Temple (0/1) D:6            Lair (5/6) D:9
  Swamp (0/4) Lair:3        Snake (0/4) Lair:2          Orc (1/2) D:10
  Slime: Lair:5-6

Altars:
Dithmenos
Elyvilon
Okawaru
Sif Muna
Vehumet
The Shining One

Annotations:
Lair:5 Kirke


Innate Abilities, Weirdness & Mutations

You are too large for most types of armour.
((You have tough skin. (AC +1)))


Message History

The hog bites you. The crocodile closely misses you. The hog bites you!
The harpy claws you.
* * * LOW HITPOINT WARNING * * *
The harpy claws you!
* * * LOW HITPOINT WARNING * * *
The hog barely misses you.
The harpy screeches!
The harpy claws you.
* * * LOW HITPOINT WARNING * * *
The harpy barely misses you.
The harpy screeches!
The harpy claws you!
* * * LOW HITPOINT WARNING * * *
The harpy claws you!
* * * LOW HITPOINT WARNING * * *
The harpy misses you. The harpy claws you.
* * * LOW HITPOINT WARNING * * *
The harpy claws you!
You die...

##.#.. ...#. .....###.....
.###..... #....##.....##...†..
.......####....## ##......
...⌠...#.#.#....##...##......#
#...#.....#..........##.....#
##.+#...........#....##.#.....
#.#.............##....###....#
...#.....#t#.#H#...#...##.#<..P#
........###.#thh.<.#...#.......#
.......†.#.#...#...#..........#.
.........###....###.............
.........# ##....##.............
..#.....## ##...###...P........
......... #.....#....####.....
...P#...P ##...P##...###......
....P...# #....P##.....#......
#....###....##.P...#


You could see a harpy, a hog and a crocodile.

Vanquished Creatures
  Rupert (Lair:3)
  4 hydras
  11 death yaks
  A hill giant (D:10)
  3 black mambas
  An elephant (D:9)
  A torpor snail (Lair:5)
  8 spiny frogs
  7 komodo dragons
  2 polar bears (Lair:4)
  A hornet (D:10)
  A queen bee (Lair:1)
  A two-headed ogre (D:9)
  6 hippogriffs
  4 blink frogs (Lair:2)
  The ghost of Schimscham the Stinger, an amateur OpVM (D:5)
  19 yaks
  The ghost of Dolanko the Slasher, an amateur MiFi (D:3)
  3 hogs (Lair:5)
  A basilisk (Lair:2)
  Grum (D:10)
  A steam dragon (Lair:1)
  Menkaure (D:7)
  3 swamp worms (Lair:3)
  Edmund (D:4)
  A warg (D:10)
  3 nagas (Lair:2)
  7 porcupines
  9 water moccasins
  4 orc warriors
  An eye of draining (D:9)
  3 sky beasts
  2 black bears (D:10)
  2 phantoms
  3 ice beasts
  5 ogres
  4 wolves (D:10)
  4 centaurs
  5 crocodiles
  Blork the orc (D:5)
  12 bullfrogs
  A gnoll sergeant (D:8)
  A scorpion (D:10)
  34 killer bees
  5 wights (D:10)
  2 electric eels
  A howler monkey (D:7)
  4 crimson imps
  2 centaur zombies (D:9)
  6 hounds
  3 jellies (D:9)
  A centaur skeleton (D:9)
  6 orc priests
  A bullfrog skeleton (D:7)
  11 iguanas
  5 orc wizards
  4 worker ants
  A worker ant zombie (D:7)
  4 gnolls (D:8)
  7 adders
  A river rat (D:5)
  3 shadow imps
  3 adder zombies
  An adder skeleton (D:4)
  2 worms (D:3)
  4 dart slugs
  12 leopard geckos
  25 orcs
  4 giant cockroaches
  18 goblins
  6 hobgoblins
  2 jackals (D:10)
  6 quokkas
  2 ball pythons (D:1)
  3 bats
  2 frilled lizards (D:2)
  6 kobolds
  2 leopard gecko skeletons
  4 rats
  A butterfly (Lair:3)
356 creatures vanquished.

Vanquished Creatures (collateral kills)
  A hill giant (D:9)
  2 killer bees (D:9)
3 creatures vanquished.

Vanquished Creatures (others)
  A fungus (Lair:4)
1 creature vanquished.

Grand Total: 360 creatures vanquished

Notes
Turn   | Place    | Note
-------+----------+-------------------------------------------
     0 | D:1      | Naow the Ogre Berserker began the quest for the Orb.
     0 | D:1      | Reached XP level 1. HP: 24/24 MP: 1/1
    86 | D:1      | Reached XP level 2. HP: 23/32 MP: 2/2
   944 | D:2      | Reached XP level 3. HP: 38/40 MP: 3/3
  1024 | D:2      | Reached skill level 5 in Maces & Flails
  1152 | D:2      | Reached ** piety under Trog
  1437 | D:3      | Noticed Dolanko's ghost (amateur MiFi)
  1776 | D:3      | Killed Dolanko's ghost
  1776 | D:3      | Reached skill level 5 in Fighting
  1776 | D:3      | Reached skill level 6 in Maces & Flails
  1776 | D:3      | Reached XP level 4. HP: 21/50 MP: 4/4
  1776 | D:3      | Reached XP level 5. HP: 24/57 MP: 5/5
  2733 | D:3      | Reached XP level 6. HP: 55/66 MP: 6/6
  2998 | D:4      | Reached skill level 7 in Maces & Flails
  3219 | D:4      | Found a glowing golden altar of the Shining One.
  3332 | D:4      | Noticed Edmund
  3338 | D:4      | Killed Edmund
  3435 | D:4      | Reached XP level 7. HP: 72/74 MP: 7/7
  3853 | D:5      | Entered Level 5 of the Dungeon
  4027 | D:5      | Reached skill level 8 in Maces & Flails
  4039 | D:5      | Noticed Schimscham's ghost (amateur OpVM)
  4067 | D:5      | Killed Schimscham's ghost
  4405 | D:5      | Found a shadowy altar of Dithmenos.
  4405 | D:5      | Found a white marble altar of Elyvilon.
  4411 | D:5      | Found a radiant altar of Vehumet.
  4415 | D:5      | Found a deep blue altar of Sif Muna.
  4418 | D:5      | Found an iron altar of Okawaru.
  4542 | D:5      | Noticed Blork the orc
  4550 | D:5      | Killed Blork the orc
  4614 | D:5      | Reached skill level 9 in Maces & Flails
  4614 | D:5      | Reached XP level 8. HP: 61/84 MP: 8/8
  4850 | D:5      | Reached skill level 5 in Dodging
  5203 | D:5      | Got a steaming iron ring
  5438 | D:6      | Reached skill level 10 in Maces & Flails
  5551 | D:6      | Reached *** piety under Trog
  5557 | D:6      | Noticed a hippogriff
  5563 | D:6      | Killed a hippogriff
  5662 | D:6      | Found a staircase to the Ecumenical Temple.
  6127 | D:7      | Reached skill level 11 in Maces & Flails
  6127 | D:7      | Reached XP level 9. HP: 96/96 MP: 9/9
  6976 | D:7      | Reached skill level 12 in Maces & Flails
  7062 | D:7      | Noticed Menkaure
  7070 | D:7      | Killed Menkaure
  7070 | D:7      | Reached **** piety under Trog
  8328 | D:8      | Reached skill level 13 in Maces & Flails
  8789 | D:8      | Reached XP level 10. HP: 98/109 MP: 10/10
  9501 | D:8      | Reached skill level 10 in Fighting
  9767 | D:9      | Noticed a hill giant
  9780 | D:9      | HP: 4/110 [poisoned by a killer bee]
  9780 | D:9      | Killed a hill giant
  9787 | D:9      | Identified the ring "Nenem" {EV+6 Int+7 Dex+5} (You found it on level 5 of the Dungeon)
  9803 | D:9      | Found a staircase to the Lair.
  9803 | D:9      | Noticed a death yak
  9804 | D:9      | Noticed an elephant
  9836 | D:9      | Killed a death yak
  9836 | D:9      | Reached skill level 14 in Maces & Flails
  9888 | D:9      | Killed an elephant
 10823 | D:9      | Reached XP level 11. HP: 120/120 MP: 11/11
 10842 | D:9      | Reached skill level 15 in Maces & Flails
 11039 | D:10     | Entered Level 10 of the Dungeon
 11054 | D:10     | Noticed a hill giant
 11064 | D:10     | Noticed Grum
 11069 | D:10     | Killed a hill giant
 11083 | D:10     | Found a staircase to the Orcish Mines.
 11086 | D:10     | Killed Grum
 11653 | D:10     | Reached ***** piety under Trog
 12156 | Orc:1    | Entered Level 1 of the Orcish Mines
 12357 | Lair:1   | Entered Level 1 of the Lair of Beasts
 12422 | Lair:1   | Noticed a five-headed hydra
 12433 | Lair:1   | Killed a five-headed hydra
 12433 | Lair:1   | Reached skill level 16 in Maces & Flails
 12792 | Lair:1   | Got a dazzling flail
 12793 | Lair:1   | Identified the +7 flail of Feorif {crush, Dex+5} (You found it on level 1 of the Lair of Beasts)
 13393 | Lair:1   | Reached XP level 12. HP: 117/133 MP: 12/12
 13954 | Lair:2   | Reached skill level 17 in Maces & Flails
 13980 | Lair:2   | Noticed a five-headed hydra
 13991 | Lair:2   | Killed a five-headed hydra
 14695 | Lair:2   | Found a staircase to the Snake Pit.
 14736 | Lair:2   | Got a steaming shield
 14742 | Lair:2   | Identified the cursed +0 shield of the Bull {+Blink rF+++ rC- Stlth+} (You found it on level 2 of the Lair of Beasts)
 14754 | Lair:2   | Identified 3 scrolls of acquirement
 14757 | Lair:2   | Got a slimy shield
 14768 | Lair:2   | Identified the +0 shield "Luzy" {SInv} (You acquired it on level 2 of the Lair of Beasts)
 14997 | Lair:3   | Noticed Rupert
 15027 | Lair:3   | Killed Rupert
 15027 | Lair:3   | Reached skill level 18 in Maces & Flails
 15139 | Lair:3   | Noticed a six-headed hydra
 15149 | Lair:3   | Killed a six-headed hydra
 15438 | Lair:3   | Noticed a death yak
 15439 | Lair:3   | Noticed a death yak
 15439 | Lair:3   | Noticed a death yak
 15441 | Lair:3   | Noticed a death yak
 15441 | Lair:3   | Noticed a death yak
 15448 | Lair:3   | Killed a death yak
 15448 | Lair:3   | Reached skill level 10 in Dodging
 15453 | Lair:3   | Killed a death yak
 15459 | Lair:3   | Killed a death yak
 15463 | Lair:3   | Killed a death yak
 15468 | Lair:3   | Killed a death yak
 15468 | Lair:3   | Reached XP level 13. HP: 115/145 MP: 13/13
 15910 | Lair:3   | Found a staircase to the Swamp.
 16286 | Lair:4   | Reached skill level 19 in Maces & Flails
 16821 | Lair:4   | Received a gift from Trog
 17500 | Lair:4   | Reached skill level 1 in Shields
 18278 | Lair:5   | Reached skill level 20 in Maces & Flails
 18332 | Lair:5   | Noticed Kirke
 18370 | Lair:5   | HP: 5/148 [harpy[Kirke] (4)]
 18370 | Lair:5   | Mangled by a harpy

Skill      XL: |  1  2  3  4  5  6  7  8  9 10 11 12 13 |
---------------+----------------------------------------+-----
Maces & Flails | 6 7 9 11 13 14 16 18 20 | 20.0
Dodging        | 3 4 5 6 8 9 10 | 10.6
Fighting       | 5 6 8 9 11 12 13 14 | 14.8
Shields        | 2 |  2.2

Action                   |  1- 3 |  4- 6 |  7- 9 | 10-12 | 13-15 || total
-------------------------+-------+-------+-------+-------+-------++-------
Melee: Mace              |    88 |   100 |       |       |       ||   188
       Flail             |       |     5 |   326 |   525 |   203 ||  1059
       Unarmed           |       |       |       |       |    11 ||    11
Invok: Berserk           |     3 |     3 |     7 |     9 |     3 ||    25
       Trog's Hand       |       |       |     1 |     4 |       ||     5
       Brothers in Arms  |       |       |       |     2 |       ||     2
       Burn Spellbooks   |       |       |       |     1 |     2 ||     3
  Use: Scroll            |       |       |       |    26 |     1 ||    27
       Potion            |       |       |       |     3 |     1 ||     4
 Stab: Distracted        |     1 |       |       |       |       ||     1
       Sleeping          |     1 |       |     1 |     2 |     2 ||     6
  Eat: Chunk             |    15 |     7 |    27 |    21 |    19 ||    89
       Pizza             |       |       |       |     1 |       ||     1
       Royal jelly       |       |       |       |     1 |       ||     1
       Fruit             |       |       |       |     1 |       ||     1
Armor: Animal skin       |    13 |    14 |    44 |    24 |       ||    95
       Skin              |       |       |       |     6 |       ||     6
       Steam dragon scal |       |       |       |    28 |    19 ||    47
Dodge: Dodged            |    58 |    76 |   207 |   470 |   195 ||  1006
Block: Shield            |       |       |       |    23 |    85 ||   108
